[ AOE2 MATCH · #506267138 ]
UnrankedSpanish vs Mongols
Player's team · WIN
Rival team · LOSS
[ REPLAY ANALYSIS · EXTRACTED FROM THE RECORDED GAME ]
Feudal
9:06
Castle
28:50
Imperial
—
| APM avg | 70.0 |
| APM peak | 97 |
| eAPM avg | 24.9 |
| Villagers / military | 45 / 20 |
Focus
⚔️ 32.3% · 🌾 67.7%
Archer ×14 · Skirmisher ×6
Feudal
8:30
Castle
—
Imperial
—
| APM avg | 78.9 |
| APM peak | 154 |
| eAPM avg | 22.9 |
| Villagers / military | 54 / 12 |
Focus
⚔️ 39.5% · 🌾 60.5%
Archer ×9 · Militia ×3
Match map
Initial resources + every placement click. Lines = walls · curves = elevation contours. ◆ gold · ⬟ stone · ● berries · ✦ relic · ◌ wall gap
Your base· Open — unwalled flank
KARA___'s base· Open — unwalled flank
Smoothed initial terrain · ◌ = detected wall gap · hover for details
Inputs per minute
— NHN Forever - - KARA___
Build order — NHN Forever
116 actions detected in the replay
| 0:00 | Queue | Villager (Male) |
| 0:01 | Queue | Villager (Male) |
| 0:01 | Queue | Villager (Male) |
| 0:02 | Build | House |
| 0:04 | Build | House |
| 0:11 | Queue | Villager (Male) |
| 1:35 | Queue | Villager (Male) |
| 1:54 | Build | Lumber Camp |
| 1:59 | Queue | Villager (Male) |
| 2:16 | Queue | Villager (Male) |
| 2:47 | Queue | Villager (Male) |
| 3:05 | Queue | Villager (Male) |
| 3:38 | Queue | Villager (Male) |
| 3:53 | Queue | Villager (Male) |
| 3:56 | Build | House |
| 4:19 | Queue | Villager (Male) |
| 4:20 | Queue | Villager (Male) |
| 4:22 | Build | Mill |
| 4:46 | Queue | Villager (Male) |
| 5:28 | Queue | Villager (Male) |
| 6:02 | Queue | Villager (Male) |
| 6:19 | Research | Loom |
| 6:56 | Research | Feudal Age |
| 7:42 | Build | Mining Camp |
| 7:45 | Build | Barracks |
| 7:46 | Queue | Villager (Male) |
| 9:06 | Age | Feudal Age |
| 9:18 | Build | Watch Tower |
| 9:23 | Build | Archery Range |
| 9:26 | Queue | Villager (Male) |
| 9:27 | Queue | Villager (Male) |
| 9:34 | Build | House |
| 9:57 | Queue | Archer |
| 9:57 | Queue | Archer |
| 10:14 | Queue | Archer |
| 10:17 | Queue | Villager (Male) |
| 10:36 | Build | Blacksmith |
| 10:46 | Queue | Archer |
| 11:01 | Build | Palisade Wall |
| 11:03 | Build | Palisade Wall |
| 11:33 | Queue | Archer |
| 11:39 | Research | Fletching |
| 11:40 | Queue | Archer |
| 11:40 | Queue | Archer |
| 12:03 | Queue | Archer |
| 12:07 | Build | House |
| 12:41 | Queue | Archer |
| 12:41 | Queue | Archer |
| 12:46 | Queue | Villager (Male) |
| 12:48 | Build | Farm |
| 12:56 | Queue | Archer |
| 13:12 | Build | Farm |
| 13:17 | Queue | Archer |
| 13:49 | Queue | Skirmisher |
| 13:49 | Queue | Skirmisher |
| 14:05 | Queue | Villager (Male) |
| 14:06 | Build | Farm |
| 14:14 | Build | House |
| 14:35 | Queue | Archer |
| 15:03 | Queue | Villager (Male) |
| 15:07 | Build | Farm |
| 15:09 | Build | Farm |
| 15:11 | Build | Farm |
| 15:12 | Queue | Archer |
| 16:00 | Queue | Villager (Male) |
| 16:02 | Build | House |
| 16:03 | Build | House |
| 16:38 | Queue | Villager (Male) |
| 16:40 | Build | Farm |
| 16:42 | Build | House |
| 16:51 | Queue | Villager (Male) |
| 16:51 | Queue | Villager (Male) |
| 17:16 | Build | Mining Camp |
| 17:41 | Queue | Villager (Male) |
| 18:55 | Queue | Villager (Male) |
| 18:56 | Queue | Villager (Male) |
| 18:58 | Build | House |
| 19:39 | Queue | Villager (Male) |
| 19:39 | Queue | Villager (Male) |
| 19:43 | Build | Watch Tower |
| 19:54 | Build | Farm |
| 20:14 | Build | Watch Tower |
| 20:23 | Queue | Skirmisher |
| 20:23 | Queue | Skirmisher |
| 20:26 | Build | Palisade Wall |
| 20:32 | Build | Palisade Wall |
| 20:48 | Queue | Villager (Male) |
| 20:48 | Queue | Villager (Male) |
| 20:50 | Build | Farm |
| 21:01 | Queue | Villager (Male) |
| 21:08 | Queue | Skirmisher |
| 21:08 | Queue | Skirmisher |
| 21:26 | Build | Watch Tower |
| 21:28 | Build | Farm |
| 21:28 | Queue | Villager (Male) |
| 21:29 | Queue | Villager (Male) |
| 21:59 | Queue | Villager (Male) |
| 21:59 | Queue | Villager (Male) |
| 21:59 | Queue | Villager (Male) |
| 22:13 | Build | Farm |
| 22:15 | Research | Horse Collar |
| 22:51 | Queue | Villager (Male) |
| 22:52 | Queue | Villager (Male) |
| 22:53 | Build | Farm |
| 22:55 | Build | Farm |
| 22:57 | Build | Farm |
| 23:02 | Queue | Villager (Male) |
| 23:22 | Queue | Villager (Male) |
| 23:23 | Build | Farm |
| 25:16 | Build | Market |
| 25:21 | Queue | Villager (Male) |
| 26:07 | Research | Castle Age |
| 26:11 | Build | Farm |
| 27:30 | Research | Double-Bit Axe |
| 27:42 | Research | Gold Mining |
| 28:50 | Age | Castle Age |
Build order — KARA___
131 actions detected in the replay
| 0:00 | Queue | Villager (Male) |
| 0:01 | Queue | Villager (Male) |
| 0:02 | Build | House |
| 0:02 | Build | House |
| 0:16 | Queue | Villager (Male) |
| 0:20 | Queue | Villager (Male) |
| 1:39 | Queue | Villager (Male) |
| 1:39 | Queue | Villager (Male) |
| 1:54 | Queue | Villager (Male) |
| 1:54 | Queue | Villager (Male) |
| 2:16 | Queue | Villager (Male) |
| 2:17 | Queue | Villager (Male) |
| 2:57 | Queue | Villager (Male) |
| 2:57 | Queue | Villager (Male) |
| 3:07 | Build | Lumber Camp |
| 3:41 | Queue | Villager (Male) |
| 3:50 | Build | House |
| 4:05 | Queue | Villager (Male) |
| 4:34 | Queue | Villager (Male) |
| 4:57 | Queue | Villager (Male) |
| 5:24 | Queue | Villager (Male) |
| 5:34 | Build | Barracks |
| 5:50 | Queue | Villager (Male) |
| 6:21 | Research | Feudal Age |
| 6:21 | Research | Feudal Age |
| 6:22 | Build | Mining Camp |
| 6:40 | Queue | Militia |
| 6:41 | Queue | Militia |
| 7:01 | Build | House |
| 7:28 | Queue | Militia |
| 7:56 | Build | House |
| 7:57 | Build | Palisade Wall |
| 7:58 | Build | Palisade Wall |
| 8:30 | Age | Feudal Age |
| 8:34 | Research | Man-at-Arms (upgrade) |
| 8:34 | Research | Man-at-Arms (upgrade) |
| 8:40 | Build | Archery Range |
| 9:08 | Queue | Villager (Male) |
| 9:14 | Queue | Archer |
| 9:23 | Queue | Archer |
| 9:30 | Queue | Villager (Male) |
| 9:42 | Build | Watch Tower |
| 9:54 | Build | Mill |
| 9:56 | Queue | Villager (Male) |
| 10:23 | Queue | Villager (Male) |
| 10:31 | Build | House |
| 10:34 | Queue | Archer |
| 10:43 | Build | Watch Tower |
| 10:48 | Queue | Archer |
| 10:48 | Queue | Archer |
| 10:50 | Queue | Villager (Male) |
| 10:50 | Queue | Villager (Male) |
| 10:50 | Queue | Villager (Male) |
| 10:55 | Build | Mill |
| 11:23 | Build | Watch Tower |
| 11:47 | Queue | Villager (Male) |
| 11:48 | Queue | Villager (Male) |
| 11:49 | Build | Farm |
| 11:51 | Research | Loom |
| 11:51 | Research | Loom |
| 12:16 | Queue | Villager (Male) |
| 12:18 | Build | Farm |
| 12:19 | Build | Farm |
| 12:23 | Build | House |
| 12:32 | Queue | Villager (Male) |
| 12:43 | Queue | Villager (Male) |
| 13:14 | Queue | Archer |
| 13:17 | Build | House |
| 13:26 | Build | House |
| 13:30 | Build | Stone Wall |
| 13:58 | Build | Palisade Wall |
| 13:59 | Build | Palisade Wall |
| 13:59 | Build | Palisade Wall |
| 13:59 | Build | Palisade Wall |
| 14:06 | Queue | Villager (Male) |
| 14:25 | Queue | Archer |
| 14:28 | Queue | Villager (Male) |
| 14:48 | Queue | Villager (Male) |
| 15:10 | Queue | Villager (Male) |
| 15:41 | Build | Stone Wall |
| 15:42 | Build | Stone Wall |
| 15:46 | Queue | Villager (Male) |
| 16:00 | Build | Stone Wall |
| 16:00 | Build | Stone Wall |
| 16:01 | Build | Stone Wall |
| 16:07 | Queue | Villager (Male) |
| 16:24 | Build | Stone Wall |
| 16:28 | Build | Stone Wall |
| 16:49 | Build | Lumber Camp |
| 16:58 | Build | Stone Wall |
| 17:00 | Build | Stone Wall |
| 17:01 | Build | Stone Wall |
| 17:02 | Build | Stone Wall |
| 17:04 | Build | Stone Wall |
| 17:14 | Queue | Villager (Male) |
| 17:23 | Build | Stone Wall |
| 17:33 | Build | Stone Wall |
| 17:45 | Queue | Villager (Male) |
| 17:53 | Queue | Archer |
| 18:09 | Queue | Villager (Male) |
| 18:15 | Build | House |
| 18:20 | Queue | Villager (Male) |
| 18:26 | Build | Farm |
| 18:36 | Build | Mining Camp |
| 18:56 | Queue | Villager (Male) |
| 19:39 | Build | House |
| 19:51 | Queue | Villager (Male) |
| 20:00 | Build | Mining Camp |
| 20:20 | Queue | Villager (Male) |
| 20:37 | Queue | Archer |
| 20:43 | Queue | Villager (Male) |
| 21:16 | Queue | Villager (Male) |
| 21:35 | Build | Lumber Camp |
| 21:44 | Queue | Villager (Male) |
| 22:00 | Queue | Villager (Male) |
| 22:37 | Queue | Villager (Male) |
| 22:53 | Build | Watch Tower |
| 22:55 | Queue | Villager (Male) |
| 23:10 | Queue | Villager (Male) |
| 23:19 | Queue | Villager (Male) |
| 23:43 | Build | Watch Tower |
| 24:11 | Queue | Villager (Male) |
| 24:31 | Queue | Villager (Male) |
| 25:29 | Build | Stone Wall |
| 25:31 | Build | Stone Wall |
| 26:16 | Build | Stone Wall |
| 26:17 | Build | Stone Wall |
| 26:43 | Build | Watch Tower |
| 26:58 | Queue | Villager (Male) |
| 28:05 | Build | Watch Tower |
| 28:29 | Build | House |
Match timeline
| 5:34 | KARA___ · first_building Barracks |
| 7:45 | NHN Forever · first_building Barracks |
| 7:57 | KARA___ · wall_segment Palisade Wall x1 |
| 7:58 | KARA___ · wall_segment Palisade Wall x1 |
| 8:30 | KARA___ · age_up feudal |
| 8:40 | KARA___ · first_building Archery Range |
| 9:06 | NHN Forever · age_up feudal |
| 9:23 | NHN Forever · first_building Archery Range |
| 11:01 | NHN Forever · wall_segment Palisade Wall x1 |
| 11:03 | NHN Forever · wall_segment Palisade Wall x1 |
| 13:30 | KARA___ · wall_segment Stone Wall x1 |
| 13:58 | KARA___ · wall_segment Palisade Wall x4 |
| 13:59 | KARA___ · wall_segment Palisade Wall x2 |
| 13:59 | KARA___ · wall_segment Palisade Wall x1 |
| 13:59 | KARA___ · wall_segment Palisade Wall x1 |
| 15:41 | KARA___ · wall_segment Stone Wall x1 |
| 15:42 | KARA___ · wall_segment Stone Wall x1 |
| 16:00 | KARA___ · wall_segment Stone Wall x1 |
| 16:00 | KARA___ · wall_segment Stone Wall x1 |
| 16:01 | KARA___ · wall_segment Stone Wall x1 |
| 16:24 | KARA___ · wall_segment Stone Wall x4 |
| 16:28 | KARA___ · wall_segment Stone Wall x6 |
| 16:58 | KARA___ · wall_segment Stone Wall x1 |
| 17:00 | KARA___ · wall_segment Stone Wall x1 |
| 17:01 | KARA___ · wall_segment Stone Wall x1 |
| 17:02 | KARA___ · wall_segment Stone Wall x1 |
| 17:04 | KARA___ · wall_segment Stone Wall x1 |
| 17:23 | KARA___ · wall_segment Stone Wall x1 |
| 17:33 | KARA___ · wall_segment Stone Wall x1 |
| 20:26 | NHN Forever · wall_segment Palisade Wall x1 |
| 20:32 | NHN Forever · wall_segment Palisade Wall x1 |
| 25:29 | KARA___ · wall_segment Stone Wall x1 |
| 25:31 | KARA___ · wall_segment Stone Wall x1 |
| 26:16 | KARA___ · wall_segment Stone Wall x1 |
| 26:17 | KARA___ · wall_segment Stone Wall x1 |
| 28:50 | NHN Forever · age_up castle |
| 28:57 | KARA___ · resign |
[ AI ANALYSIS · 1 CREDIT ]
What really happened in this match?
Wolo.gg analyzes every decision: build order, eco, micro, common mistakes by bracket. Personalized analysis on WhatsApp or Discord in 30 seconds.
Civ guide
Spanish
Perfil
Jugador #15779222